 Dungeon Crawl Stone Soup version 0.23.0-3-gf3c87f2 (webtiles) character file.

Game seed: 8347323623537325602

249 Borgoz the Sneak (level 6, 0/48 HPs)
             Began as a Ghoul Assassin on Feb 24, 2019.
             Slain by a gnoll
             ... wielding a cursed +0 spear
              (3 damage)
             ... on level 4 of the Dungeon.
             The game lasted 00:07:28 (3277 turns).

Borgoz the Sneak (Ghoul Assassin)                   Turns: 3277, Time: 00:07:29

Health: 0/48       AC:  5    Str: 15    XL:     6   Next: 12%
Magic:  5/5        EV: 12    Int:  8    God:
Gold:   205        SH:  0    Dex: 10    Spells: 5/5 levels left

rFire    . . .     SeeInvis .   a - +2 dagger
rCold    + . .     Gourm    .   (no shield)
rNeg     + + +     Faith    .   c - +0 robe
rPois    ∞         Spirit   .   (no helmet)
rElec    .         Reflect  .   d - +0 cloak
rCorr    .         Harm     .   n - +1 pair of gloves
MR       .....                  (no boots)
Stlth    +++.......             v - amulet of regeneration
HPRegen  0.00/turn              (no ring)
MPRegen  0.09/turn              (no ring)

@: rotting
A: rotting body, claws 1, carnivore, cold resistance 1, negative energy
resistance 3, inhibited regeneration, torment resistance, unbreathing
a: no special abilities


You were on level 4 of the Dungeon.
You were not hungry.

You visited 1 branch of the dungeon, and saw 5 of its levels.

You collected 205 gold pieces.

Inventory:

Hand Weapons
 a - a +2 dagger (weapon)
 b - a +1 blowgun
Missiles
 e - 8 poisoned needles
 f - 2 curare-tipped needles
Armour
 c - a +0 robe (worn)
 d - a +0 cloak (worn)
 n - a +1 pair of gloves (worn)
Jewellery
 u - an uncursed ring of flight
 v - an amulet of regeneration (around neck)
Wands
 t - a wand of polymorph (11)
Scrolls
 l - a scroll of magic mapping
 p - a scroll of enchant armour
Potions
 q - 2 potions of curing
Comestibles
 g - 10 rations


   Skills:
 - Level 2.1 Fighting
 + Level 3.5 Short Blades
 - Level 1.7 Throwing
 + Level 3.0 Dodging
 + Level 6.0 Stealth


You had 5 spell levels left.
You didn't know any spells.
Your spell library contained the following spells:

 Spells                   Type           Power        Failure   Level  Hunger
 Sting                    Conj/Pois      #...         41%         1    ##.....
 Poisonous Vapours        Pois/Air       #.....       54%         2    ###....
 Bolt of Magma            Conj/Fire/Erth #.........   100%        5    ######.
 Fireball                 Conj/Fire      #.........   100%        5    ######.
 Ring of Flames           Chrm/Fire      #.........   100%        7    #######


Dungeon Overview and Level Annotations

Branches:
Dungeon (5/15)
 Temple: D:4-7

Altars:
Sif Muna
Uskayaw
The Shining One

Annotations:
D:5 3 runed translucent doors, darxusza's ghost, amateur MfIE


Innate Abilities, Weirdness & Mutations

Your body is rotting away.
You thrive on raw meat.
You are immune to poison.
You have sharp fingernails.
You are carnivorous and can eat meat at any time.
Your flesh is cold resistant. (rC+)
You are immune to negative energy. (rN+++)
You do not regenerate when monsters are visible.
You are immune to unholy pain and torment.
You can survive without breathing.


Message History

You hit the gnoll.
The gnoll is moderately wounded.
The gnoll hits you from afar with a cursed +0 spear.
* * * LOW HITPOINT WARNING * * *
The gnoll barely misses you. The gnoll shaman barely misses you.
You hit the gnoll.
The gnoll is severely wounded.
The gnoll hits you with a +0 whip.
* * * LOW HITPOINT WARNING * * *
The gnoll hits you from afar with a cursed +0 spear.
* * * LOW HITPOINT WARNING * * *
The gnoll barely misses you.
Unknown command.
You hit the gnoll.
The gnoll is almost dead.
The gnoll hits you with a +0 whip.
* * * LOW HITPOINT WARNING * * *
The gnoll shaman misses you.
The gnoll hits you from afar with a cursed +0 spear.
You die...

.............##
.............#
.............#
.............#
.............##
..............######
.........g.##.g.##.#
..........#####gg..##
.........## ##.g@...#
........##
##.......## .......##
##.........##
......##
##...........##
#######
#.............###
#...............###
##................#
*******
#.......##......##
*,,,,,**
##########......#


You could see a gnoll shaman and 3 gnolls.

Vanquished Creatures
  A howler monkey (D:4)
  A bullfrog zombie (D:5)
  A hound (D:4)
  5 adders
  2 oozes
  2 dart slugs
  3 leopard geckos
  4 orcs
  5 giant cockroaches
  9 goblins
  6 hobgoblins
  6 jackals
  10 kobolds
  A quokka (D:2)
  2 ball pythons
  10 bats
  5 frilled lizards
  6 rats
79 creatures vanquished.

Notes
Turn   | Place    | Note
-------+----------+-------------------------------------------
     0 | D:1      | Borgoz the Ghoul Assassin began the quest for the Orb.
     0 | D:1      | Reached XP level 1. HP: 17/17 MP: 0/0
    57 | D:1      | Reached skill level 1 in Dodging
    79 | D:1      | Reached XP level 2. HP: 8/24 MP: 1/1
   330 | D:1      | Reached XP level 3. HP: 12/29 MP: 2/2
   635 | D:2      | Reached skill level 5 in Stealth
   742 | D:2      | Reached XP level 4. HP: 16/36 MP: 3/3
  1614 | D:3      | Identified the Almanac of the Six Mice
  1761 | D:3      | Reached XP level 5. HP: 31/41 MP: 4/4
  1989 | D:3      | You fall through a shaft for 2 floors!
  1989 | D:5      | Entered Level 5 of the Dungeon
  2062 | D:5      | Found a runed translucent gate.
  2062 | D:5      | Found a runed translucent gate.
  2062 | D:5      | Found a runed translucent gate.
  2062 | D:5      | Noticed darxusza's ghost (amateur MfIE)
  2062 | D:5      | Noticed an ogre
  2351 | D:4      | Found a glowing golden altar of the Shining One.
  2667 | D:3      | Found a hide-covered altar of Uskayaw.
  2711 | D:3      | Found a deep blue altar of Sif Muna.
  2936 | D:4      | Identified the +2 scale mail of Bioba {rN+ Stlth+}
  3152 | D:4      | Reached skill level 6 in Stealth
  3152 | D:4      | Reached XP level 6. HP: 22/47 MP: 5/5
  3277 | D:4      | Slain by a gnoll

Skill      XL: |  1  2  3  4  5 |
---------------+----------------+-----
Dodging        | 1 2 3 |  3.0
Short Blades   | 2 3 |  3.5
Stealth        | 5 6 |  6.0
Fighting       | |  2.1
Throwing       | |  1.7

Action                   |  1- 3 |  4- 6 || total
-------------------------+-------+-------++-------
Melee: Dagger            |   122 |   205 ||   327
  Use: Scroll            |       |    12 ||    12
       Potion            |       |     4 ||     4
 Stab: Sleeping          |     5 |     6 ||    11
  Eat: Chunk             |     7 |    13 ||    20
Armor: Robe              |    27 |    60 ||    87
Dodge: Dodged            |    74 |   128 ||   202
